Unix NetHack Version 5.0.0-0 post-release - last build May 17 2026 04:57:42 (dc50c8380fa5e20985bfe3072449f57b8d9895ef,branch:main).

Game began 2026-05-20 08:16:49, ended 2026-05-20 08:25:54.

ArrBianca, neutral female human Valkyrie

             ------               --------------
  -----     #-.....###############|.............#####
  |..>.######|.{..|              #|...........<|    #      -------------
  |...|     #|....|              #|............|    #      ............|
  |...|     #|.....###            |............|    ##    .............|
  |...|     #|....|  #            ----.----.----     #d  |{............|
  ---.-     #------  ###              #    #          #@e).............|
     ##     ############                   #             |.......>.....|
      #        #      ######               #              --------------
      #        #          ##             ###
      ###      #          ##          ####
        #      #           ##   ------.-----
    ----|------#           #####...........|
    |..{......|#            #   |*.........|
    |.........-#            ####...........|
    |.........|                 ------------
    -----------

ArrBianca the Skirmisher    St:17 Dx:14 Co:16 In:9 Wi:7 Ch:9  Neutral
Dlvl:4  $:25 HP:0(28) Pw:6(6) AC:1  Xp:3 T:1433 

Latest messages:
 The dart misses the floating eye.
 In what direction? l
 The dart misses the floating eye.
 In what direction? l
 The dart misses the floating eye.
 In what direction? l
 The dart misses the floating eye.
 In what direction? l
 The dart hits the floating eye.
 In what direction? l
 The dart hits the floating eye.
 You have no ammunition readied.
 What do you want to fire? [$b or ?*] b
 Your alternate weapon is 2 daggers.  Ready 1 of them? [ynq] (q) y
 You ready: I - a +0 dagger.
 In what direction? l
 The dagger misses the floating eye.
 What do you want to throw? [$b or ?*] b
 In what direction? l
 The dagger misses the floating eye.
 You hit the floating eye!
 You are frozen by the floating eye's gaze!
 The werejackal just misses!
 The werejackal hits!
 You hear the splashing of a naiad.
 The werejackal hits!
 The werejackal misses!
 The werejackal misses!
 The werejackal just misses!
 The werejackal hits!
 The werejackal hits!
 The werejackal hits!
 The werejackal changes into a jackal.
 The werejackal bites!
 The werejackal bites!
 The werejackal misses!
 The werejackal misses!
 The werejackal bites!
 The werejackal misses!
 The werejackal bites!
 The werejackal bites!
 You avoid harm.
 The werejackal bites!
 The werejackal bites!
 You die...
 Do you want your possessions identified? [ynq] (y) y
 Do you want to see your attributes? [ynq] (y) y
 Do you want an account of creatures vanquished? [ynaq] (y) n
 Do you want to see your conduct and achievements? [ynq] (y) n
 Do you want to see the dungeon overview? [ynq] (y) n

Inventory:
 Coins    ('$')
  $ - 25 gold pieces
 Weapons  (')')
  a - a +1 spear (weapon in left hand)
 Armor    ('[')
  H - a blessed +1 helmet
  E - an uncursed +0 orcish helm (being worn)
  c - a cursed +1 small shield (being worn)
  v - a blessed +1 cloak of protection (being worn)
  p - an uncursed burnt +0 dwarvish cloak
  G - an uncursed +0 orcish ring mail (being worn)
 Comestibles  ('%')
  F - an uncursed head of romanesco
  r - an uncursed cream pie
  d - 3 uncursed food rations
  k - 2 cursed food rations
  q - 2 uncursed lichen corpses
 Scrolls  ('?')
  A - a cursed scroll of enchant weapon
  z - a cursed scroll of scare monster
 Spellbooks  ('+')
  y - an uncursed spellbook of invisibility
  C - an uncursed spellbook of jumping
 Potions  ('!')
  n - 2 uncursed potions of healing
  o - 3 cursed potions of healing
  D - an uncursed potion of speed
 Wands    ('/')
  x - a wand of lightning (0:7)
  e - a wand of striking (0:5)
 Gems/Stones  ('*')
  s - an uncursed flint stone

ArrBianca the Valkyrie's attributes:

Background:
 You were a Skirmisher, a level 3 human Valkyrie.
 You were neutral, on a mission for Odin
 who was opposed by Tyr (lawful) and Loki (chaotic).
 You were left-handed.
 You were in the Dungeons of Doom, on level 4.
 You entered the dungeon 1433 turns ago.
 You had 56 experience points, 24 more were needed to attain level 4.

Basics:
 You had 0 out of 28 hit points.
 You had all 6 energy points (spell power).
 Your armor class was 1.
 Your wallet contained 25 zorkmids.
 Autopickup was on for '$?!/="+%' plus thrown, with exceptions.

Final Characteristics:
 Your strength was 17 (limit:18/100).
 Your dexterity was 14 (limit:18).
 Your constitution was 16 (limit:18).
 Your intelligence was 9 (limit:18).
 Your wisdom was 7 (limit:18).
 Your charisma was 9 (limit:18).

Final Status:
 You weren't hungry.
 You were unencumbered.
 You were wielding a spear.
 You had basic skill with spear.

Final Attributes:
 You were devoutly aligned.
 You were cold resistant.
 You were stealthy.
 You were protected.
 You are dead.

Miscellaneous:
 You didn't encounter any bones levels.
 Total elapsed playing time was 9 minutes and 5 seconds.

Major events:
 Turn
    1: ArrBianca the neutral human Valkyrie entered the dungeon
  828: attained the rank of Skirmisher (level 3)
 1433: killed by a werejackal, while frozen by a floating eye's gaze

You didn't know any spells.

Skills:
 Fighting Skills
   bare handed combat [Unskilled]
   two weapon combat  [Unskilled]
   riding             [Unskilled]
 Weapon Skills
   dagger             [Basic]
   axe                [Unskilled]
   pick-axe           [Unskilled]
   short sword        [Unskilled]
   broadsword         [Unskilled]
   long sword         [Unskilled]
   two-handed sword   [Unskilled]
   saber              [Unskilled]
   hammer             [Unskilled]
   quarterstaff       [Unskilled]
   polearms           [Unskilled]
   spear              [Basic]
   trident            [Unskilled]
   lance              [Unskilled]
   sling              [Unskilled]
 Spellcasting Skills
   attack spells      [Unskilled]
   escape spells      [Unskilled]

Voluntary challenges:
 Character rerolling was not enabled.
 You never had a pet.
 You never genocided any monsters.
 You never polymorphed an object.
 You never changed form.
 You used no wishes.
Achievement:
 You attained the rank of Skirmisher.

 The Dungeons of Doom: levels 1 to 4
    Level 1:
       A fountain.
    Level 2:
    Level 3:
       A fountain, some sinks.
    Level 4: <- You were here.
       Many fountains.
       Final resting place for
          you, killed by a werejackal, while frozen by a floating eye's gaze.


Vanquished creatures:
  a kobold leader
 an acid blob
  a coyote
  a hobbit
  a yellow mold
  3 jackals
  a fox
  a kobold
  a goblin
  2 grid bugs
  4 lichens
  3 newts
20 creatures vanquished.

No species were genocided or became extinct.

Game over:
                       ----------
                      /          \
                     /    REST    \
                    /      IN      \
                   /     PEACE      \
                  /                  \
                  |    ArrBianca     |
                  |      25 Au       |
                  |   killed by a    |
                  |    werejackal    |
                  |                  |
                  |                  |
                  |       2026       |
                 *|     *  *  *      | *
        _________)/\\_//(\/(/\)/\//\/|_)_______

Farvel ArrBianca the Valkyrie...

You died in The Dungeons of Doom on dungeon level 4 with 467 points,
and 25 pieces of gold, after 1433 moves.
You were level 3 with a maximum of 28 hit points when you died.

